 Dungeon Crawl Stone Soup version 0.22-a0-469-gf26638a (webtiles) character file.

682 4thArraOfDagon the Ruffian (level 7, -7/62 HPs)
             Began as a Hill Orc Monk on June 13, 2018.
             Was an Elder of Cheibriados.
             Mangled by a mummy (14 damage)
             ... in an ossuary.
             The game lasted 00:09:35 (1936 turns).

4thArraOfDagon the Ruffian (Hill Orc Monk)          Turns: 1936, Time: 00:09:36

Health: -7/62      AC:  5    Str: 21 (23) XL:     7   Next: 61%
Magic:  10/10      EV: 13    Int: 20 (21) God:    Cheibriados [****..]
Gold:   151        SH:  0    Dex: 21 (22) Spells: 5/6 levels left

rFire    . . .     SeeInvis .     - Unarmed
rCold    . . .     Gourm    .   (no shield)
rNeg     . . .     Faith    .   c - +0 ring mail
rPois    .         Spirit   .   (no helmet)
rElec    .         Reflect  .   (no cloak)
rCorr    .         Harm     .   (no gloves)
MR       .....                  (no boots)
Stlth    ++........             (no amulet)
HPRegen  0.20/turn              (no ring)
MPRegen  0.12/turn              (no ring)

@: very slow
A: no striking features
a: Bend Time, Temporal Distortion, Slouch, Renounce Religion


You were in an ossuary.
You worshipped Cheibriados.
Cheibriados was greatly pleased with you.
You were not hungry.

You visited 2 branches of the dungeon, and saw 6 of its levels.
You also visited: Ossuary.

You collected 151 gold pieces.

Inventory:

Missiles
 a - 3 steel tomahawks (quivered)
Armour
 c - a +0 ring mail (worn)
Scrolls
 e - a scroll of remove curse
 i - a scroll of magic mapping
Potions
 h - 2 potions of curing
Comestibles
 b - 5 rations


   Skills:
 + Level 5.7 Fighting
 + Level 3.6 Dodging
 - Level 1.5 Stealth
 * Level 6.8 Unarmed Combat
 + Level 4.0 Invocations


You had 5 spell levels left.
You knew the following spells:

 Your Spells              Type           Power        Failure   Level  Hunger
a - Apportation           Tloc           #.....       32%         1    ##.....

Your spell library contained the following spells:

 Spells                   Type           Power        Failure   Level  Hunger
 Summon Small Mammal      Summ           #...         32%         1    ##.....
 Animate Skeleton         Necr           N/A          32%         1    ##.....
 Confusing Touch          Hex            #.....       32%         1    ##.....


Dungeon Overview and Level Annotations

Branches:
Dungeon (5/15)             Temple (1/1) D:4

Altars:
Cheibriados
Elyvilon
Gozag
Makhleb
Xom
Zin


Message History

Cheibriados thoroughly appreciates the change of pace.
A jackal zombie comes into view.
Unknown command.
You hit the mummy but do no damage. The mummy misses you.
You hit the mummy. You punch the mummy.
The mummy is heavily damaged.
You hit the mummy but do no damage.
The mummy is heavily damaged.
The mummy hits you!
You hit the mummy.
The mummy is severely damaged.
You hit the mummy but do no damage.
The mummy is severely damaged.
The mummy hits you!
* * * LOW HITPOINT WARNING * * *
Unknown command.
You hit the mummy but do no damage.
The mummy is severely damaged.
The mummy hits you!
You die...

≈.# # #≈# #≈ +≈≈ #≈
#≈##### ≈≈ '≈#..∩#
#≈##≈#.∩.#
#≈P≈.#...#
###≈##'##+##+##.
#.'..≈..@MZ.....
#≈≈≈≈#'#≈#'#+#'#+#'
######.#.#.#
#######


You could see a mummy and a jackal zombie.

Vanquished Creatures
  2 ogres (D:4)
  A water moccasin zombie (Ossuary)
  2 centaur zombies (Ossuary)
  2 hounds
  2 jellies (D:5)
  An iguana (D:4)
  An orc wizard (D:5)
  A hound zombie (Ossuary)
  3 mummies (Ossuary)
  4 adders (D:2)
  An ooze (D:2)
  2 adder skeletons (D:4)
  An adder zombie (Ossuary)
  3 dart slugs
  8 leopard geckos
  12 orcs
  A ball python (D:3)
  7 giant cockroaches
  4 goblins
  9 hobgoblins
  2 jackals (D:4)
  A quokka (D:5)
  8 bats
  4 frilled lizards
  A jackal skeleton (D:4)
  9 kobolds
  10 rats
102 creatures vanquished.

Notes
Turn   | Place    | Note
-------+----------+-------------------------------------------
     0 | D:1      | 4thArraOfDagon the Hill Orc Monk began the quest for the Orb.
     0 | D:1      | Reached XP level 1. HP: 19/19 MP: 1/1
   131 | D:1      | Reached XP level 2. HP: 17/27 MP: 2/2
   204 | D:1      | Reached skill level 4 in Unarmed Combat
   350 | D:2      | Reached XP level 3. HP: 21/33 MP: 1/3
   371 | D:3      | Learned a level 1 spell: Apportation
   485 | D:4      | Found a staircase to the Ecumenical Temple.
   491 | Temple   | Entered the Ecumenical Temple
   514 | Temple   | Became a worshipper of Cheibriados the Contemplative
   514 | Temple   | Reached * piety under Cheibriados
   514 | Temple   | Reached ** piety under Cheibriados
   756 | D:4      | Reached skill level 1 in Invocations
   756 | D:4      | Reached XP level 4. HP: 34/41 MP: 1/4
   986 | D:2      | Found an opulent altar of Gozag.
  1030 | D:2      | Reached skill level 5 in Unarmed Combat
  1030 | D:2      | Reached XP level 5. HP: 45/47 MP: 6/6
  1173 | D:2      | Reached *** piety under Cheibriados
  1256 | D:3      | Found a burning altar of Makhleb.
  1256 | D:3      | Noticed a green death
  1428 | D:4      | Noticed an ogre
  1438 | D:4      | Killed an ogre
  1438 | D:4      | Reached skill level 5 in Fighting
  1438 | D:4      | Reached XP level 6. HP: 53/56 MP: 7/7
  1539 | D:4      | Reached skill level 6 in Unarmed Combat
  1624 | D:5      | Entered Level 5 of the Dungeon
  1678 | D:5      | Reached **** piety under Cheibriados
  1737 | D:5      | Reached XP level 7. HP: 44/61 MP: 9/9
  1819 | D:5      | Found a sand-covered staircase.
  1827 | Ossuary  | Entered an ossuary
  1936 | Ossuary  | Mangled by a mummy

Vault maps used:
D:1:      dpeg_arrival_orchard
D:2:      nicolae_overflow_crystal_walls
D:3:      makhleb_altar_promises_db, nicolae_overflow_hidden_temple,
          grunt_ministairs_9, grunt_nemelex_the_gamble
D:4:      cheibrodos_barr_body, minmay_temple_entry_overgrown, minmay_hedge_maze
D:5:      marbit_many_paths, first_ration, enter_ossuary_1
Temple:   nicolae_temple_figure_eight
Ossuary:  ossuary_zaba_flooded

Skill      XL: |  1  2  3  4  5  6  7 |
---------------+----------------------+-----
Fighting       | 4 5 |  5.7
Unarmed Combat | 4 5 6 |  6.8
Invocations    | 1 2 3 4 |  4.0
Dodging        | 3 |  3.6
Stealth        | |  1.5

Action                   |  1- 3 |  4- 6 |  7- 9 || total
-------------------------+-------+-------+-------++-------
Melee: Unarmed           |   144 |   184 |    66 ||   394
       Punch             |     2 |     4 |     5 ||    11
Throw: Tomahawk          |       |     3 |     4 ||     7
Invok: Bend Time         |     1 |       |       ||     1
  Use: Scroll            |     3 |     2 |     2 ||     7
       Potion            |     1 |       |     5 ||     6
 Stab: Sleeping          |       |     4 |       ||     4
       Distracted        |       |       |     2 ||     2
  Eat: Chunk             |       |     1 |     1 ||     2
Armor: Chain mail        |    82 |       |       ||    82
       Robe              |     2 |       |       ||     2
       Ring mail         |     3 |    50 |    11 ||    64
Dodge: Dodged            |    54 |   125 |    29 ||   208

Table legend:
 A = Spawn XP
 B = Non-spawn XP
 C = Spawn XP percentage of total XP
 D = Spawn monster count
 E = Non-spawn monster count
 F = Spawn count percentage of total count
 G = Total turns spent on level
                    A         B        C        D         E        F      G
               +---------+---------+-------+---------+---------+-------+---------
         Total |       0 |     975 |   0.0 |       0 |     102 |   0.0 |  1936
               +---------+---------+-------+---------+---------+-------+---------
           D:1 |       0 |      30 |   0.0 |       0 |      19 |   0.0 |   346
           D:2 |       0 |      99 |   0.0 |       0 |      27 |   0.0 |   395
           D:3 |       0 |      37 |   0.0 |       0 |      18 |   0.0 |   276
           D:4 |       0 |     354 |   0.0 |       0 |      15 |   0.0 |   367
           D:5 |       0 |     182 |   0.0 |       0 |      10 |   0.0 |   203
        Temple |       0 |      14 |   0.0 |       0 |       5 |   0.0 |   240
       Ossuary |       0 |     259 |   0.0 |       0 |       8 |   0.0 |   109
               +---------+---------+-------+---------+---------+-------+---------
